 Dungeon Crawl Stone Soup version 0.30.1-11-g7821555f0a (webtiles) character file.

Game seed: 17552208769310096666

903 Benefits7639 the Cleaver (level 8, 0/59 (68) HPs)
             Began as a Hill Orc Fighter on Dec 12, 2023.
             Was a Follower of Beogh.
             Slain by a wight
             ... wielding a +0 falchion
              (1 damage)
             ... on level 6 of the Dungeon.
             The game lasted 00:13:04 (4267 turns).

Benefits7639 the Cleaver (Hill Orc Fighter)         Turns: 4267, Time: 00:13:04

HP:   0/59 (68)     AC: 12    Str: 27    XL:     8   Next: 7%
MP:   8/8           EV: 10    Int: 13    God:    Beogh [*.....]
Gold: 50            SH:  4    Dex: 10    Spells: 7/7 levels left

rFire   . . .        p - +1 short sword (flame)
rCold   . . .        c - +0 buckler
rNeg    . . .        b - +0 scale mail
rPois   .            s - +3 helmet "Beihu" {Fly Int+5}
rElec   .            (no cloak)
rCorr   .            (no gloves)
SInv    .            g - +0 pair of boots
Will    +....        w - amulet of the acrobat Stlth
                     t - ring of willpower
HPRegen 0.29/turn    u - +6 ring of strength
MPRegen 0.11/turn

%: acrobat
@: flying, heavily drained
A: no striking features
a: Renounce Religion


You were on level 6 of the Dungeon.
You worshipped Beogh.
Beogh was aware of your devotion.
You visited 1 branch of the dungeon, and saw 6 of its levels.

You collected 200 gold pieces.
You spent 150 gold pieces at shops.

Inventory:

Hand Weapons
 a - a +1 war axe
 k - a +0 flail
 p - a +1 short sword of flaming (weapon)
 z - a +1 dagger of venom
Missiles
 e - 3 javelins (quivered)
 l - 31 stones
 o - 3 poisoned darts
Armour
 b - a +0 scale mail (worn)
 c - a +0 buckler (worn)
 f - a +0 scale mail
 g - a +0 pair of boots (worn)
 s - the +3 helmet "Beihu" (worn) {Fly Int+5}
   (You found it on level 5 of the Dungeon)

   Int:       It affects your intelligence (+5).
   Fly:       It grants you flight.
Jewellery
 t - a ring of willpower (left hand)
 u - a +6 ring of strength (right hand)
 w - an amulet of the acrobat (around neck)
Wands
 q - a wand of flame (30)
Scrolls
 j - a scroll of identify
 m - 3 scrolls of teleportation
 n - a scroll of magic mapping
 v - a scroll of fear
 x - a scroll of enchant armour
 y - a scroll of enchant weapon
 A - a scroll of fog
Potions
 d - 2 potions of might
 h - 3 potions of curing
 i - 3 potions of heal wounds
 r - 2 potions of brilliance


   Skills:
 + Level 5.1 Fighting
 + Level 0.2 Short Blades
 + Level 8.3 Axes
 + Level 5.3 Armour
 + Level 2.1 Dodging
 + Level 0.6 Stealth
 + Level 4.5 Shields


You had 7 spell levels left.
You didn't know any spells.
Your spell library contained the following spells:

 Spells                   Type           Power      Damage    Failure   Level
 Sting                    Tmut/Pois      0%         1d3       61%         1
 Poisonous Vapours        Pois/Air       0%         N/A       75%         2
 Olgreb's Toxic Radiance  Pois           0%         N/A       100%        4


Dungeon Overview and Level Annotations

Branches:
Dungeon (6/15)
 Temple: D:4-7

Altars:
Ashenzari
Sif Muna

Shops:
D:5 :=*


Message History

You hit the wight but do no damage. The wight hits you with a +0 falchion.
You feel drained. You block the wight's attack. The wight barely misses you.
The wight hits you from afar with a +1 trident!
You hit the wight but do no damage. The wight barely misses you.
The wight misses you. You block the wight's attack. x2
You hit the wight. You burn the wight.
The wight is moderately damaged.
The wight hits you with a +0 falchion. The wight hits you but does no damage.
The wight hits you with a +0 short sword.
The wight hits you but does no damage.
You hit the wight but do no damage.
The wight is moderately damaged.
The wight hits you with a +0 falchion.
You feel drained.
The wight hits you but does no damage. x2; The wight barely misses you.
You barely miss the wight.
The wight is moderately damaged.
The wight hits you with a +0 falchion.
You feel drained. The wight hits you with a +0 flail!
You feel drained. The wight hits you but does no damage.
The wight hits you from afar with a +1 trident.
You completely miss the wight.
The wight is moderately damaged.
The wight barely misses you. x2; The wight hits you but does no damage.
The wight hits you from afar with a +1 trident.
* * * LOW HITPOINT WARNING * * *
You feel drained.
* * * LOW HITPOINT WARNING * * *
You hit the wight but do no damage.
The wight is moderately damaged.
The wight hits you with a +0 falchion.
* * * LOW HITPOINT WARNING * * *
You feel drained.
* * * LOW HITPOINT WARNING * * *
The wight hits you but does no damage. The wight closely misses you.
The wight hits you from afar with a +1 trident!
* * * LOW HITPOINT WARNING * * *
You hit the wight. You burn the wight.
The wight is heavily damaged.
The wight hits you with a +0 falchion.
You die...

# .. #..### ..
...
#..##.##########
#...........<..#
#.###...######.#
#.z.# # #.z@#
#..z# #..z#
#.... ....#
...... ####.##
#.


You could see 4 wights.

Vanquished Creatures
  Grinder (D:4)
  An ice beast (D:5)
  An ogre (D:5)
  A centaur (D:5)
  3 scorpions (D:4)
  An orc priest (D:4)
  A hound (D:5)
  2 iguanas
  4 adders
  A shadow imp (D:5)
  3 ufetubi (D:5)
  3 worms (D:2)
  A dart slug (D:4)
  14 orcs
  7 endoplasms
  4 giant cockroaches
  8 goblins
  6 hobgoblins
  5 kobolds
  3 quokkas
  5 ball pythons
  6 bats
  2 frilled lizards
  3 rats
86 creatures vanquished.

Vanquished Creatures (others)
  A hobgoblin (D:3)
1 creature vanquished.

Grand Total: 87 creatures vanquished

Notes
Turn   | Place    | Note
-------+----------+-------------------------------------------
     0 | D:1      | Benefits7639 the Hill Orc Fighter began the quest for the
                  | Orb.
     0 | D:1      | Reached XP level 1. HP: 19/19 MP: 1/1
   139 | D:1      | Reached XP level 2. HP: 27/27 MP: 2/2
   152 | D:1      | Reached skill level 3 in Axes
   936 | D:2      | Reached XP level 3. HP: 28/33 MP: 3/3
  1405 | D:2      | Reached skill level 4 in Axes
  1405 | D:2      | Reached XP level 4. HP: 31/40 MP: 4/4
  1579 | D:3      | Became a worshipper of Beogh the Brigand
  1615 | D:3      | Noticed a shining eye
  1617 | D:3      | Found a faded altar of an unknown god.
  1623 | D:3      | Noticed a floating eye
  1623 | D:3      | Noticed a floating eye
  1623 | D:3      | Noticed a great orb of eyes
  2063 | D:4      | Noticed a scorpion
  2071 | D:4      | Killed a scorpion
  2072 | D:4      | Reached skill level 5 in Axes
  2072 | D:4      | Reached skill level 1 in Dodging
  2072 | D:4      | Reached XP level 5. HP: 40/46 MP: 5/5
  2256 | D:4      | Found a broken altar of Ashenzari.
  2284 | D:4      | Reached XP level 6. HP: 52/53 MP: 6/6
  2295 | D:4      | Reached * piety under Beogh
  2380 | D:4      | Noticed Grinder
  2395 | D:4      | Killed Grinder
  2396 | D:4      | Reached skill level 6 in Axes
  2396 | D:4      | Reached XP level 7. HP: 3/60 MP: 7/7
  2825 | D:4      | Reached skill level 7 in Axes
  2915 | D:4      | Found a shimmering blue altar of Sif Muna.
  3090 | D:5      | Entered Level 5 of the Dungeon
  3358 | D:5      | Reached skill level 5 in Fighting
  3411 | D:5      | Found Hoddal's Book Shop.
  3420 | D:5      | Reached skill level 5 in Armour
  3422 | D:5      | Reached skill level 8 in Axes
  3697 | D:5      | Found Fetwyroar's Jewellery Shoppe.
  3719 | D:5      | Reached XP level 8. HP: 36/68 MP: 8/8
  3736 | D:5      | Identified the +3 helmet "Beihu" {Fly Int+5}
  3990 | D:5      | Found Qiqy's General Store.
  4003 | D:5      | Bought a scroll of enchant armour for 75 gold pieces
  4003 | D:5      | Bought a scroll of enchant weapon for 75 gold pieces
  4266 | D:6      | HP: 1/59 [wight/+1 trident (12)]
  4267 | D:6      | Slain by a wight

Illustrated notes

Levels and vault maps discovered:
D:1:      roderic_crop_circles_arrival_small, layout_basic, minivault_5
D:2:      minmay_chambers_of_ones, layout_rooms
D:3:      layout_rooms, hellmonk_ecumenical_altar_watching_god
D:4:      layout_gridville, mainiacjoe_overflow_brackets, lemuel_blue_sif_altar,
          uniq_grinder
D:5:      layout_basic, serial_shops, shop, shop, nicolae_lakefront_shop
D:6:      layout_loops_ring, grunt_temple_overflow_growth_and_decay,
          uniq_maggie, uniq_edmund

Skill      XL: |  1  2  3  4  5  6  7  8 |
---------------+-------------------------+-----
Axes           | 3 4 5 6 8 |  8.3
Fighting       | 4 5 |  5.1
Dodging        | 1 2 |  2.1
Armour         | 4 5 |  5.3
Shields        | 4 |  4.5
Short Blades   | |  0.2
Stealth        | |  0.6

Action                     |  1- 3 |  4- 6 |  7- 9 || total
---------------------------+-------+-------+-------++-------
  Melee: War axe           |   100 |    77 |    52 ||   229
         Short sword       |       |       |    73 ||    73
 Invoke: Convert to Beogh  |       |     1 |       ||     1
    Use: Potion            |     4 |     2 |     2 ||     8
         Scroll            |     6 |       |     2 ||     8
 Armour: Scale mail        |    41 |    64 |    67 ||   172
  Dodge: Dodged            |    44 |    64 |    84 ||   192
  Block: Buckler           |    27 |    27 |    27 ||    81
